SR
FRANKLIN FIRE @ UNION CITY HILLERS
07/10/2034
 
TOP OF THE 1ST
Franklin Fire batting - Pitching for Union City Hillers : RHP Enreecko Avelino
Pitching: RHP Enreecko Avelino
Batting: LHB Wilson Hernández 0-0: Ball
1-0: Ball
2-0: Bunt missed!
2-1: Foul Ball, location: 2F
2-2: Ball
3-2: Strikes out swinging
Batting: RHB Dan Lewis 0-0: Ball
1-0: Ball
2-0: Swinging Strike
2-1: Foul Ball, location: 2F
2-2: Ball
3-2: Foul Ball, location: 2F
3-2: Strikes out swinging
Batting: LHB Ánibal Leobardo 0-0: Foul Ball, location: 2F
0-1: Swinging Strike
0-2: SINGLE (Flyball, 78S)
Batting: SHB Govaart Baars 0-0: Called Strike
0-1: Called Strike
0-2: Ball
1-2: Fly out, F9 (Flyball, 9S)
Top of the 1st over - 0 runs, 1 hit, 0 errors, 1 left on base; Franklin 0 - Union City 0
BOTTOM OF THE 1ST
Union City Hillers batting - Pitching for Franklin Fire : RHP Jesús Cruz
Pitching: RHP Jesús Cruz
Batting: RHB Cornelio Japón 0-0: Foul Ball, location: 2F
0-1: Bunt for hit - play at first, batter OUT! 1-3
Batting: RHB Arthur Cook 0-0: Ball
1-0: Ball
2-0: Ball
3-0: Called Strike
3-1: Base on Balls
Batting: SHB Mo Meaker 0-0: Fielders Choice at 2nd, 3-6 (Groundball, 34)
Batting: LHB Seb Blanch 0-0: Ball
1-0: Called Strike
1-1: Ball
2-1: Ball
3-1: Foul Ball, location: 2F
3-2: Foul Ball, location: 2F
3-2: Strikes out swinging
Bottom of the 1st over - 0 runs, 0 hits, 0 errors, 1 left on base; Franklin 0 - Union City 0
TOP OF THE 2ND
Franklin Fire batting - Pitching for Union City Hillers : RHP Enreecko Avelino
Batting: RHB Ricardo Cardona 0-0: Ball
1-0: Foul Ball, location: 2F
1-1: Ball
2-1: Ball
3-1: Foul Ball, location: 2F
3-2: Foul Ball, location: 2F
3-2: Foul Ball, location: 2F
3-2: Strikes out swinging
Batting: LHB Rick Newell 0-0: Called Strike
0-1: Foul Ball, location: 2F
0-2: Ball
1-2: Strikes out swinging
Batting: RHB John Billings 0-0: Ground out 6-3 (Groundball, 6)
Top of the 2nd over - 0 runs, 0 hits, 0 errors, 0 left on base; Franklin 0 - Union City 0
BOTTOM OF THE 2ND
Union City Hillers batting - Pitching for Franklin Fire : RHP Jesús Cruz
Batting: RHB Ken Barger 0-0: Foul Ball, location: 2F
0-1: Ball
1-1: Ball
2-1: Called Strike
2-2: Ball
3-2: DOUBLE (Line Drive, 8RXD)
Batting: RHB Jesús Capmany 0-0: Called Strike
0-1: Swinging Strike
0-2: Ball
1-2: Ball
2-2: Strikes out swinging
Batting: RHB Steffen Jones 0-0: Ground out 4-3 (Groundball, 4)
Ken Barger to third
Batting: RHB Tony Juderías 0-0: Called Strike
0-1: Ball
1-1: Foul Ball, location: 2F
1-2: Foul Ball, location: 2F
1-2: Ball
2-2: Ball
3-2: Foul Ball, location: 2F
3-2: Foul Ball, location: 2F
3-2: Foul Ball, location: 2F
3-2: Foul Ball, location: 2F
3-2: Foul Ball, location: 2F
3-2: Foul Ball, location: 2F
3-2: Fly out, F8 (Flyball, 8LD)
Bottom of the 2nd over - 0 runs, 1 hit, 0 errors, 1 left on base; Franklin 0 - Union City 0
TOP OF THE 3RD
Franklin Fire batting - Pitching for Union City Hillers : RHP Enreecko Avelino
Batting: LHB Tareef Ashraf 0-0: Ball
1-0: Ground out U3 (Groundball, 3)
Batting: RHB Rubén Plumey 0-0: Ball
1-0: Foul Ball, location: 2F
1-1: Foul Ball, location: 2F
1-2: Ball
2-2: Foul Ball, location: 2F
2-2: Ground out 1-3 (Groundball, 13S)
Batting: LHB Wilson Hernández 0-0: Fly out, F9 (Flyball, 9LS)
Top of the 3rd over - 0 runs, 0 hits, 0 errors, 0 left on base; Franklin 0 - Union City 0
BOTTOM OF THE 3RD
Union City Hillers batting - Pitching for Franklin Fire : RHP Jesús Cruz
Batting: RHB Artur Nugaev 0-0: Called Strike
0-1: Ball
1-1: Fly out, F8 (Flyball, 78D)
Batting: RHB Cornelio Japón 0-0: Called Strike
0-1: Ball
1-1: Swinging Strike
1-2: Ball
2-2: Foul Ball, location: 2F
2-2: Fly out, F6 (Popup, 56D)
Batting: RHB Arthur Cook 0-0: Ball
1-0: Ball
2-0: Ball
3-0: Base on Balls
Batting: SHB Mo Meaker 0-0: Called Strike
0-1: Ball
1-1: Ball
2-1: Ball
3-1: Base on Balls
Arthur Cook to second
Batting: LHB Seb Blanch 0-0: Ball
1-0: Ball
2-0: Called Strike
2-1: Swinging Strike
2-2: Foul Ball, location: 2F
2-2: Strikes out looking
Bottom of the 3rd over - 0 runs, 0 hits, 0 errors, 2 left on base; Franklin 0 - Union City 0
TOP OF THE 4TH
Franklin Fire batting - Pitching for Union City Hillers : RHP Enreecko Avelino
Batting: RHB Dan Lewis 0-0: Ball
1-0: Called Strike
1-1: Ball
2-1: Foul Ball, location: 2F
2-2: Strikes out swinging
Batting: LHB Ánibal Leobardo 0-0: Called Strike
0-1: Ball
1-1: Called Strike
1-2: Ball
2-2: Strikes out swinging
Batting: SHB Govaart Baars 0-0: Ball
1-0: Called Strike
1-1: Ball
2-1: Ball
3-1: Ground out 5-3 (Groundball, 56)
Top of the 4th over - 0 runs, 0 hits, 0 errors, 0 left on base; Franklin 0 - Union City 0
BOTTOM OF THE 4TH
Union City Hillers batting - Pitching for Franklin Fire : RHP Jesús Cruz
Batting: RHB Ken Barger 0-0: Ball
1-0: Foul Ball, location: 2F
1-1: Swinging Strike
1-2: Ball
2-2: Ball
3-2: SINGLE (Flyball, 78S)
Batting: RHB Jesús Capmany 0-0: Ball
1-0: Called Strike
1-1: Swinging Strike
1-2: Ball
2-2: Ball
3-2: Fielders Choice at 2nd, 4-6 (Groundball, 4)
Batting: RHB Steffen Jones 0-0: Ball
1-0: Ball
2-0: Ball
3-0: Foul Ball, location: 2F
3-1: Base on Balls
Jesús Capmany to second
Batting: RHB Tony Juderías 0-0: Fly out, F8 (Flyball, 8RD)
Batting: RHB Artur Nugaev 0-0: Called Strike
0-1: Called Strike
0-2: Strikes out swinging
Bottom of the 4th over - 0 runs, 1 hit, 0 errors, 2 left on base; Franklin 0 - Union City 0
TOP OF THE 5TH
Franklin Fire batting - Pitching for Union City Hillers : RHP Enreecko Avelino
Batting: RHB Ricardo Cardona 0-0: Ball
1-0: Ball
2-0: SOLO HOME RUN (Flyball, 7LD), Distance : 370 ft
Batting: LHB Rick Newell 0-0: Ball
1-0: Fly out, F9 (Line Drive, 89M)
Batting: RHB John Billings 0-0: Ball
1-0: Fly out, F9 (Flyball, 89XD)
Batting: LHB Tareef Ashraf 0-0: Foul Ball, location: 2F
0-1: Ball
1-1: Swinging Strike
1-2: Ball
2-2: Ball
3-2: Ground out 6-3 (Groundball, 6)
Top of the 5th over - 1 run, 1 hit, 0 errors, 0 left on base; Franklin 1 - Union City 0
BOTTOM OF THE 5TH
Union City Hillers batting - Pitching for Franklin Fire : RHP Jesús Cruz
Batting: RHB Cornelio Japón 0-0: Foul Ball, location: 2F
0-1: Ground out 5-3 (Groundball, 56)
Batting: RHB Arthur Cook 0-0: Ball
1-0: Called Strike
1-1: Called Strike
1-2: Ball
2-2: Ball
3-2: Hit by Pitch
Batting: SHB Mo Meaker 0-0: Ball
1-0: Foul Ball, location: 2F
1-1: Foul Ball, location: 2F
1-2: Ball
2-2: Foul Ball, location: 2F
2-2: Foul Ball, location: 2F
2-2: Fielders Choice at 2nd, 4-6 (Groundball, 4MD)
Batting: LHB Seb Blanch 0-0: Ball
Mo Meaker steals 2nd base
1-0: Ball
2-0: Foul Ball, location: 2F
2-1: Fly out, F5 (Popup, 6S)
Bottom of the 5th over - 0 runs, 0 hits, 0 errors, 1 left on base; Franklin 1 - Union City 0
TOP OF THE 6TH
Franklin Fire batting - Pitching for Union City Hillers : RHP Enreecko Avelino
Batting: RHB Rubén Plumey 0-0: Swinging Strike
0-1: Ball
1-1: Foul Ball, location: 2F
1-2: Hit by Pitch
Batting: LHB Wilson Hernández 0-0: Sac Bunt - play at first, batter OUT! 3-4
Rubén Plumey to second
Batting: RHB Dan Lewis 0-0: Foul Ball, location: 2F
0-1: Ball
1-1: Ball
2-1: Swinging Strike
2-2: Ball
3-2: Ground out 4-3 (Groundball, 4)
Rubén Plumey to third
Batting: LHB Ánibal Leobardo 0-0: Ball
Wild Pitch!
Rubén Plumey scores
1-0: Fly out, F9 (Flyball, 9D)
Top of the 6th over - 1 run, 0 hits, 0 errors, 0 left on base; Franklin 2 - Union City 0
BOTTOM OF THE 6TH
Union City Hillers batting - Pitching for Franklin Fire : RHP Jesús Cruz
Batting: RHB Ken Barger 0-0: Ball
1-0: Foul Ball, location: 2F
1-1: Fly out, F9 (Line Drive, 89S)
Batting: RHB Jesús Capmany 0-0: Ball
1-0: Ground out 6-3 (Groundball, 6)
Batting: RHB Steffen Jones 0-0: Ground out U3 (Groundball, 34)
Bottom of the 6th over - 0 runs, 0 hits, 0 errors, 0 left on base; Franklin 2 - Union City 0
TOP OF THE 7TH
Franklin Fire batting - Pitching for Union City Hillers : RHP Enreecko Avelino
Batting: SHB Govaart Baars 0-0: Ball
1-0: Foul Ball, location: 2F
1-1: Fly out, F6 (Line Drive, 6M)
Batting: RHB Ricardo Cardona 0-0: SINGLE (Groundball, 56D)
Batting: LHB Rick Newell 0-0: Ball
1-0: Fly out, F2 (Popup, 15S)
Batting: RHB John Billings 0-0: Foul Ball, location: 2F
0-1: Ball
1-1: Fly out, F7 (Flyball, 78D)
Top of the 7th over - 0 runs, 1 hit, 0 errors, 1 left on base; Franklin 2 - Union City 0
BOTTOM OF THE 7TH
Union City Hillers batting - Pitching for Franklin Fire : RHP Jesús Cruz
Batting: RHB Tony Juderías 0-0: Ball
1-0: Ball
2-0: Ground out 5-3 (Groundball, 56S)
Batting: RHB Artur Nugaev 0-0: Reached on error, E3 (Groundball, 34)
Pitching: LHP Lex Janssen
Batting: RHB Cornelio Japón 0-0: Ball
1-0: Called Strike
1-1: Foul Ball, location: 2F
1-2: Ball
2-2: Strikes out swinging
Batting: RHB Arthur Cook 0-0: Called Strike
0-1: Ball
1-1: Ball
Artur Nugaev steals 2nd base
2-1: Ball
3-1: Base on Balls
Pinch Hitting: RHB Neville van Mierlo 0-0: Ball
1-0: Fly out, F4 (Popup, 13)
Bottom of the 7th over - 0 runs, 0 hits, 1 error, 2 left on base; Franklin 2 - Union City 0
TOP OF THE 8TH
Franklin Fire batting - Pitching for Union City Hillers : RHP Enreecko Avelino
Now in RF: Neville van Mierlo
Batting: LHB Tareef Ashraf 0-0: Ball
1-0: Foul Ball, location: 2F
1-1: Swinging Strike
1-2: Strikes out swinging
Pitching: RHP César Torres
Batting: RHB Rubén Plumey 0-0: Foul Ball, location: 2F
0-1: Ground out U3 (Groundball, 3L)
Batting: LHB Wilson Hernández 0-0: Ball
1-0: Foul Ball, location: 2F
1-1: Ball
2-1: Fly out, F9 (Flyball, 9S)
Top of the 8th over - 0 runs, 0 hits, 0 errors, 0 left on base; Franklin 2 - Union City 0
BOTTOM OF THE 8TH
Union City Hillers batting - Pitching for Franklin Fire : LHP Lex Janssen
Batting: LHB Seb Blanch 0-0: Ball
1-0: Foul Ball, location: 2F
1-1: SINGLE (Line Drive, 3D)
Batting: RHB Ken Barger 0-0: Foul Ball, location: 2F
0-1: Ball
1-1: Called Strike
1-2: Foul Ball, location: 2F
1-2: Foul Ball, location: 2F
1-2: Foul Ball, location: 2F
1-2: Ball
2-2: Ball
Passed Ball!
Seb Blanch to second
3-2: Foul Ball, location: 2F
3-2: Strikes out swinging
Batting: RHB Jesús Capmany 0-0: Called Strike
0-1: Called Strike
0-2: Ball
1-2: Ball
2-2: SINGLE (Flyball, 78S)
Seb Blanch to third
Pinch Hitting: RHB Zi-jing Eng 0-0: Ball
1-0: Swinging Strike
1-1: Foul Ball, location: 2F
1-2: Ball
2-2: Ball
3-2: Foul Ball, location: 2F
3-2: Foul Ball, location: 2F
3-2: SINGLE (Groundball, 6MD)
Seb Blanch scores
Jesús Capmany to second
Batting: RHB Tony Juderías 0-0: Ball
1-0: Foul Ball, location: 2F
1-1: Swinging Strike
1-2: Ball
2-2: Foul Ball, location: 2F
2-2: Strikes out swinging
Batting: RHB Artur Nugaev 0-0: Hit by Pitch
Jesús Capmany to third
Zi-jing Eng to second
Batting: RHB Cornelio Japón 0-0: Called Strike
0-1: Ball
1-1: Called Strike
1-2: Strikes out looking
Bottom of the 8th over - 1 run, 3 hits, 0 errors, 3 left on base; Franklin 2 - Union City 1
TOP OF THE 9TH
Franklin Fire batting - Pitching for Union City Hillers : RHP César Torres
Now in LF: Zi-jing Eng
Batting: RHB Dan Lewis 0-0: Ball
1-0: Ball
2-0: Called Strike
2-1: Ball
3-1: Fly out, F8 (Flyball, 8RM)
Batting: LHB Ánibal Leobardo 0-0: Ball
1-0: Ball
2-0: Ball
3-0: Called Strike
3-1: Base on Balls
Batting: SHB Govaart Baars 0-0: Ball
1-0: Ball
2-0: Swinging Strike
2-1: Swinging Strike
2-2: Hit by Pitch
Ánibal Leobardo to second
Batting: RHB Ricardo Cardona 0-0: Ball
Ánibal Leobardo steals 3rd base
Govaart Baars to second
1-0: Foul Ball, location: 2F
1-1: Foul Ball, location: 2F
1-2: Foul Ball, location: 2F
1-2: Ball
2-2: Ball
3-2: SINGLE (Groundball, 6MD)
Ánibal Leobardo scores
Govaart Baars to third
Batting: LHB Rick Newell 0-0: Ball
1-0: Ball
2-0: Ball
3-0: Foul Ball, location: 2F
3-1: Foul Ball, location: 2F
3-2: Strikes out swinging
Pinch Hitting: LHB Kent Maxwell 0-0: Foul Ball, location: 2F
0-1: Ball
1-1: Foul Ball, location: 2F
1-2: Foul Ball, location: 2F
1-2: DOUBLE (Flyball, 8RXD)
Govaart Baars scores
Ricardo Cardona to third
Runner from 3rd tries for Home, SAFE, no throw
Batting: LHB Tareef Ashraf 0-0: Foul Ball, location: 2F
0-1: Ball
1-1: Ground out 1-3 (Groundball, 13S)
Top of the 9th over - 3 runs, 2 hits, 0 errors, 1 left on base; Franklin 5 - Union City 1
BOTTOM OF THE 9TH
Union City Hillers batting - Pitching for Franklin Fire : LHP Lex Janssen
Pitching: LHP Chun-yeong Byung-Ho
Now in LF: Kent Maxwell
Batting: RHB Arthur Cook 0-0: Called Strike
0-1: Ball
1-1: Swinging Strike
1-2: Ball
2-2: Foul Ball, location: 2F
2-2: Ball
3-2: SINGLE (Groundball, 34D)
Batting: RHB Neville van Mierlo 0-0: TRIPLE (Flyball, 7LD)
Arthur Cook scores
Batting: LHB Seb Blanch 0-0: Called Strike
0-1: Swinging Strike
0-2: Strikes out swinging
Batting: RHB Ken Barger 0-0: Ball
1-0: Ball
Wild Pitch!
Neville van Mierlo scores
2-0: Called Strike
2-1: Foul Ball, location: 2F
2-2: Ball
3-2: Foul Ball, location: 2F
3-2: Fly out, F9 (Flyball, 89S)
Batting: RHB Jesús Capmany 0-0: Called Strike
0-1: Foul Ball, location: 2F
0-2: Strikes out looking
Bottom of the 9th over - 2 runs, 2 hits, 0 errors, 0 left on base; Franklin 5 - Union City 3
Friday, March 29th, 2019 - OOTP Baseball 18.8 Build 76